 Dungeon Crawl Stone Soup version 0.28-a0-984-g3775c662fe (webtiles) character file.

Game seed: 13377783886406112727

2871 fragbeetle the Magician (level 9, -3/71 HPs)
             Began as a Gnoll Warper on Dec 3, 2021.
             Was a Believer of the Shining One.
             Slain by a centaur warrior (16 damage)
             ... on level 8 of the Dungeon.
             The game lasted 00:36:03 (6912 turns).

fragbeetle the Magician (Gnoll Warper)              Turns: 6912, Time: 00:36:04

Health: -3/71      AC:  5    Str: 13    XL:     9   Next: 76%
Magic:  17/19      EV: 13    Int: 15    God:    the Shining One [**....]
Gold:   276        SH:  8    Dex: 11    Spells: 2/21 levels left

rFire   . . .      SeeInvis .   o - +0 flail
rCold   . . .      Faith    .   (no shield)
rNeg    + + .      Spirit   .   b - +1 leather armour
rPois   +          Reflect  .   (no helmet)
rElec   .          Harm     .   (no cloak)
rCorr   .          Rampage  .   (no gloves)
Will    .....                   y - +0 pair of boots
Stlth   +.........              k - amulet of regeneration
HPRegen 1.01/turn               h - ring of positive energy
MPRegen 0.16/turn               C - ring of poison resistance

@: mighty, divinely shielded, glowing
A: fangs 1, strong nose, distributed training
a: Renounce Religion, Divine Shield


You were on level 8 of the Dungeon.
You worshipped the Shining One.
The Shining One was pleased with you.
You visited 2 branches of the dungeon, and saw 9 of its levels.

You collected 276 gold pieces.

Inventory:

Hand Weapons
 f - a +2 dagger of protection
 o - a +0 flail (weapon)
 G - a +3 antimagic dagger
Missiles
 d - 8 boomerangs of dispersal (quivered)
 v - 7 boomerangs
Armour
 b - a +1 leather armour (worn)
 y - a +0 pair of boots (worn)
Magical Staves
 z - a staff of conjuration
Jewellery
 h - a ring of positive energy (left hand)
 k - an amulet of regeneration (around neck)
 C - a ring of poison resistance (right hand)
Wands
 D - a wand of mindburst (18)
 F - a wand of iceblast (23)
 H - a wand of acid (7)
Scrolls
 e - a scroll of vulnerability {unknown}
 g - a scroll of fear
 i - a scroll of enchant armour
 l - 2 scrolls of amnesia
 m - 6 scrolls of identify
 r - 2 scrolls of enchant weapon
 s - a scroll of noise {unknown}
 u - 5 scrolls of magic mapping
 w - a scroll of immolation {unknown}
 B - a scroll of holy word {unknown}
 K - a scroll of fog {unknown}
Potions
 a - a potion of cancellation
 j - 2 potions of magic
 n - 4 potions of lignification
 p - 2 potions of haste
 t - 2 potions of mutation
 x - a potion of brilliance
 I - a potion of berserk rage
 J - a potion of might


   Skills:
 + Level 6.5 Fighting
 + Level 4.5 Short Blades
 + Level 4.5 Long Blades
 + Level 4.5 Axes
 + Level 6.5 Maces & Flails
 + Level 4.5 Polearms
 + Level 4.5 Staves
 + Level 4.5 Slings
 + Level 4.5 Bows
 + Level 4.5 Crossbows
 + Level 5.3 Throwing
 + Level 5.3 Armour
 + Level 6.5 Dodging
 + Level 4.5 Stealth
 + Level 4.5 Shields
 + Level 4.5 Unarmed Combat
 + Level 6.8 Spellcasting
 + Level 3.7 Conjurations
 + Level 3.7 Hexes
 + Level 3.7 Summonings
 + Level 3.7 Necromancy
 + Level 6.7 Translocations
 + Level 3.7 Transmutations
 + Level 3.7 Fire Magic
 + Level 3.7 Ice Magic
 + Level 3.7 Air Magic
 + Level 3.7 Earth Magic
 + Level 3.7 Poison Magic
 + Level 5.0 Invocations
 + Level 4.5 Evocations


You had 2 spell levels left.
You knew the following spells:

 Your Spells              Type           Power      Damage    Failure   Level
a - Blink                 Tloc           50%        N/A       1%          2
b - Magic Dart            Conj           64%        1d6       3%          1
c - Gell's Gravitas       Tloc           25%        N/A       3%          3
d - Teleport Other        Tloc           25%        N/A       3%          3
e - Manifold Assault      Tloc           25%        N/A       28%         5
f - Lesser Beckoning      Tloc           25%        N/A       3%          3
g - Poisonous Vapours     Pois/Air       32%        N/A       5%          2

Your spell library contained the following spells:

 Spells                   Type           Power      Damage    Failure   Level
 Corpse Rot               Necr/Air       32%        N/A       5%          2
 Searing Ray              Conj           32%        2d5       5%          2
 Static Discharge         Conj/Air       16%        N/A       5%          2
 Summon Guardian Golem    Hex/Summ       16%        N/A       11%         3
 Dispel Undead            Necr           16%        3d10      34%         4
 Fulminant Prism          Conj/Hex       8%         3d7       34%         4
 Sticky Flame             Conj/Fire      16%        2d4       34%         4
 Orb of Destruction       Conj           8%         9d4       100%        7
 Spellforged Servitor     Conj/Summ      8%         N/A       100%        7


Dungeon Overview and Level Annotations

Branches:
Dungeon (8/15)             Temple (1/1) D:4
   Lair: D:8-11

Altars:
Ashenzari
Cheibriados
Dithmenos
Elyvilon
Fedhas
Gozag
Hepliaklqana
Makhleb
Nemelex Xobeh
Okawaru
Qazlal
Ru
Sif Muna
Trog
Uskayaw
Vehumet
Wu Jian
Xom
Zin
The Shining One

Shops:
D:4 (   D:5 *

Annotations:
D:8 1 runed translucent door, IdlyInterested's ghost, novice FoBr


Innate Abilities, Weirdness & Mutations

You have very sharp teeth.
Your uncanny sense of smell can sniff out nearby items.
Your experience applies equally to all skills.


Message History

The centaur warrior shoots an arrow.
The arrow hits you!!
The centaur warrior unwields a +0 longbow.
The centaur warrior wields a +0 club.
The centaur warrior hits you with a +0 club!
The centaur warrior kicks you but does no damage.
There is a stone staircase leading up, spattered with blood here.
You hit the centaur warrior but do no damage.
The centaur warrior closely misses you. The centaur warrior kicks you.
You hit the centaur warrior.
The centaur warrior is lightly wounded.
The centaur warrior hits you with a +0 club!
The centaur warrior kicks you but does no damage.
The centaur warrior hits you with a +0 club.
The centaur warrior barely misses you. A divine shield forms around you!
You block the centaur warrior's attack. The centaur warrior kicks you.
You hit the centaur warrior.
The centaur warrior is lightly wounded.
You block the centaur warrior's attack. The centaur warrior barely misses you.
The centaur warrior hits you with a +0 club!
* * * LOW HITPOINT WARNING * * *
You block the centaur warrior's attack.
You feel better. You block the centaur warrior's attack.
The centaur warrior barely misses you.
You feel very mighty all of a sudden.
The centaur warrior hits you with a +0 club.
The centaur warrior kicks you but does no damage.
The centaur warrior hits you with a +0 club!
* * * LOW HITPOINT WARNING * * *
The centaur warrior closely misses you.
You sock the centaur warrior!
The centaur warrior is lightly wounded.
The centaur warrior hits you but does no damage.
You block the centaur warrior's attack.
You sock the centaur warrior!
The centaur warrior is moderately wounded.
The centaur warrior hits you but does no damage.
The centaur warrior kicks you but does no damage.
The centaur warrior hits you with a +0 club!
You die...

#.....##
#......
#.....#
#.....#
#.....#
#..>..#
#.....##
#.@c...#
#......#
##........
..####.##
... ..
.... ∆ .
....
.###.# [.


You could see a centaur warrior.

Vanquished Creatures
  Grinder (D:4)
  A shadow (D:7)
  Eustachio (D:3)
  Menkaure (D:4)
  A water moccasin (D:7)
  An ice beast (D:7)
  A sky beast (D:8)
  4 ogres
  A necrophage (Temple)
  A centaur (D:7)
  A phantom (D:6)
  A kobold brigand (D:6)
  3 scorpions
  6 killer bees (D:7)
  A centaur zombie (D:7)
  5 hounds
  A jelly (D:5)
  2 gnoll shamans (D:6)
  2 orc priests
  A centaur skeleton (D:6)
  Ijyb (D:4)
  6 orc wizards
  Robin (D:2)
  A howler monkey zombie (D:6)
  15 gnolls
  6 adders
  A howler monkey skeleton (D:6)
  A shadow imp (D:8)
  An ufetubus (D:6)
  2 adder skeletons (D:4)
  3 worms
  3 dart slugs
  24 orcs
  3 bats
  15 endoplasms
  5 giant cockroaches
  15 goblins
  6 hobgoblins
  6 jackals
  8 kobolds
  4 quokkas
  4 ball pythons
  6 frilled lizards
  4 rats
177 creatures vanquished.

Vanquished Creatures (others)
  A frilled lizard (D:3)
1 creature vanquished.

Grand Total: 178 creatures vanquished

Notes
Turn   | Place    | Note
-------+----------+-------------------------------------------
     0 | D:1      | fragbeetle the Gnoll Warper began the quest for the Orb.
     0 | D:1      | Reached XP level 1. HP: 20/20 MP: 6/6
   194 | D:1      | Reached XP level 2. HP: 24/26 MP: 7/7
   209 | D:1      | Learned a level 2 spell: Blink
   211 | D:1      | Learned a level 1 spell: Magic Dart
   366 | D:2      | Found a faded altar of an unknown god.
   584 | D:2      | Reached XP level 3. HP: 27/31 MP: 9/9
   596 | D:2      | Reached skill level 5 in Spellcasting
   799 | D:2      | Reached skill level 1 in Invocations
   902 | D:4      | Reached skill level 1 in Short Blades
   902 | D:4      | Reached skill level 1 in Long Blades
   902 | D:4      | Reached skill level 1 in Axes
   902 | D:4      | Reached skill level 1 in Polearms
   902 | D:4      | Reached skill level 1 in Staves
   902 | D:4      | Reached skill level 1 in Slings
   902 | D:4      | Reached skill level 1 in Bows
   902 | D:4      | Reached skill level 1 in Crossbows
   902 | D:4      | Reached skill level 1 in Stealth
   902 | D:4      | Reached skill level 1 in Shields
   902 | D:4      | Reached skill level 1 in Unarmed Combat
   902 | D:4      | Reached skill level 1 in Evocations
   906 | D:4      | Reached XP level 4. HP: 29/38 MP: 11/11
   926 | D:4      | Noticed Grinder
   930 | D:4      | Found a broken altar of Ashenzari.
   967 | D:4      | Found a hide-covered altar of Uskayaw.
   970 | D:4      | Noticed a necrophage
  1010 | D:4      | Noticed Eustachio
  1044 | D:4      | Noticed Menkaure
  1046 | D:4      | Noticed a scorpion
  1048 | D:4      | Found a staircase to the Ecumenical Temple.
  1054 | Temple   | Entered the Ecumenical Temple
  1067 | Temple   | Killed a scorpion
  1068 | Temple   | Reached skill level 1 in Conjurations
  1068 | Temple   | Reached skill level 1 in Hexes
  1068 | Temple   | Reached skill level 1 in Summonings
  1068 | Temple   | Reached skill level 1 in Necromancy
  1068 | Temple   | Reached skill level 1 in Transmutations
  1068 | Temple   | Reached skill level 1 in Fire Magic
  1068 | Temple   | Reached skill level 1 in Ice Magic
  1068 | Temple   | Reached skill level 1 in Air Magic
  1068 | Temple   | Reached skill level 1 in Earth Magic
  1068 | Temple   | Reached skill level 1 in Poison Magic
  1068 | Temple   | Reached XP level 5. HP: 32/43 MP: 12/12
  1116 | Temple   | Became a worshipper of the Shining One
  1211 | Temple   | Killed a necrophage
  1354 | D:2      | Reached XP level 6. HP: 44/49 MP: 13/13
  1520 | D:2      | Noticed Robin
  1546 | D:1      | Learned a level 3 spell: Gell's Gravitas
  1804 | D:2      | Reached skill level 5 in Fighting
  1804 | D:2      | Reached skill level 5 in Maces & Flails
  1804 | D:2      | Reached skill level 5 in Dodging
  1852 | D:2      | Killed Robin
  2516 | D:3      | Learned a level 3 spell: Teleport Other
  3311 | D:4      | Killed Menkaure
  3312 | D:4      | Reached XP level 7. HP: 40/56 MP: 15/15
  3317 | D:4      | Paralysed by Grinder for 3 turns
  3327 | D:4      | Killed Grinder
  3375 | D:5      | Entered Level 5 of the Dungeon
  3425 | D:4      | Learned a level 5 spell: Manifold Assault
  3435 | D:4      | Found a white marble altar of Elyvilon.
  3454 | D:4      | Found a shadowy altar of Dithmenos.
  3558 | D:4      | Noticed Ijyb
  3573 | D:4      | Killed Ijyb
  3610 | D:4      | Found Quumuyjis's Antique Weapon Shoppe.
  3709 | D:4      | Found a snail-covered altar of Cheibriados.
  3898 | D:3      | Killed Eustachio
  3898 | D:3      | Reached * piety under the Shining One
  3899 | D:3      | Reached XP level 8. HP: 59/63 MP: 16/16
  4043 | D:5      | Found Ybrakep's Assorted Antiques.
  4083 | D:5      | Found a stormy altar of Qazlal.
  4085 | D:5      | Noticed an air elemental
  4086 | D:5      | Noticed a water elemental
  4189 | D:5      | Found a shimmering blue altar of Sif Muna.
  5347 | D:6      | Reached ** piety under the Shining One
  5488 | D:6      | Found a sparkling altar of Nemelex Xobeh.
  5502 | D:6      | Reached XP level 9. HP: 41/69 MP: 18/18
  5778 | D:6      | Found a burning altar of Makhleb.
  5781 | D:6      | Found an ornate altar of the Wu Jian Council.
  6146 | D:7      | Reached skill level 5 in Throwing
  6146 | D:7      | Reached skill level 5 in Armour
  6314 | D:7      | Found a radiant altar of Vehumet.
  6614 | D:7      | Reached skill level 5 in Invocations
  6738 | D:8      | Found a runed translucent door.
  6739 | D:8      | Noticed IdlyInterested's ghost (novice FoBr)
  6804 | D:8      | Noticed a cyclops
  6873 | D:8      | Noticed a centaur warrior
  6900 | D:7      | Learned a level 3 spell: Lesser Beckoning
  6903 | D:7      | Learned a level 2 spell: Poisonous Vapours
  6912 | D:8      | Slain by a centaur warrior

Illustrated notes

Levels and vault maps discovered:
D:1:      dpeg_arrival_boxorama, layout_rooms
D:2:      layout_loops_corners, nicolae_ecumenical_pavilion,
          kennysheep_generic_room_12, uniq_robin
D:3:      layout_basic
D:4:      layout_basic, mainiacjoe_overflow_large_starburst,
          cheibrodos_worm_habitat, mainiacjoe_overflow_catwalk_spiral,
          minmay_temple_entry_waves, serial_shops, shop, uniq_grinder,
          uniq_eustachio, uniq_menkaure, uniq_ijyb
D:5:      layout_loops_ring, kennysheep_orc_sif_temple,
          nicolae_qazlal_style_of_elements, serial_shops, kennysheep_little_box,
          eino_small_chamber_without_monster
D:6:      layout_basic, nemelex_dance_club_becter, nicolae_overflow_squiral
D:7:      layout_loops_ring, fiery_altar_vehumet
D:8:      hangedman_cross_stitches, layout_rooms,
          lemuel_mausoleum_altar_kikubaaqudgha, hellmonk_ghost_happy_afterlife,
          jiyva_altar_1, uniq_pikel
Temple:   kb_temple_of_zot

Skill      XL: |  1  2  3  4  5  6  7  8  9 |
---------------+----------------------------+-----
Spellcasting   | 5 6 |  6.8
Invocations    | 1 2 3 4 5 |  5.0
Short Blades   | 1 2 3 4 |  4.5
Long Blades    | 1 2 3 4 |  4.5
Axes           | 1 2 3 4 |  4.5
Polearms       | 1 2 3 4 |  4.5
Staves         | 1 2 3 4 |  4.5
Slings         | 1 2 3 4 |  4.5
Bows           | 1 2 3 4 |  4.5
Crossbows      | 1 2 3 4 |  4.5
Stealth        | 1 2 3 4 |  4.5
Shields        | 1 2 3 4 |  4.5
Unarmed Combat | 1 2 3 4 |  4.5
Evocations     | 1 2 3 4 |  4.5
Conjurations   | 1 2 3 |  3.7
Hexes          | 1 2 3 |  3.7
Summonings     | 1 2 3 |  3.7
Necromancy     | 1 2 3 |  3.7
Transmutations | 1 2 3 |  3.7
Fire Magic     | 1 2 3 |  3.7
Ice Magic      | 1 2 3 |  3.7
Air Magic      | 1 2 3 |  3.7
Earth Magic    | 1 2 3 |  3.7
Poison Magic   | 1 2 3 |  3.7
Throwing       | 3 4 5 |  5.3
Armour         | 3 4 5 |  5.3
Fighting       | 5 6 |  6.5
Maces & Flails | 5 6 |  6.5
Dodging        | 5 6 |  6.5
Translocations | 6 |  6.7

Action                   |  1- 3 |  4- 6 |  7- 9 || total
-------------------------+-------+-------+-------++-------
Melee: Mace              |   128 |   139 |       ||   267
       Bite              |    10 |    16 |    35 ||    61
       Flail             |       |   128 |   393 ||   521
       Punch             |       |     1 |     6 ||     7
 Cast: Magic Dart        |    12 |     9 |    24 ||    45
       Blink             |     2 |    16 |     1 ||    19
       Gell's Gravitas   |       |     7 |    14 ||    21
       Manifold Assault  |       |       |     1 ||     1
Invok: Divine Shield     |       |       |     2 ||     2
Evoke: Wand              |       |       |     4 ||     4
  Use: Scroll            |       |     4 |     9 ||    13
       Potion            |       |     1 |     2 ||     3
 Stab: Sleeping          |     1 |       |       ||     1
Armor: Leather armour    |    22 |    62 |   106 ||   190
Dodge: Dodged            |    73 |   254 |   276 ||   603
Block: Other             |       |       |    15 ||    15

Table legend: (Time is in decaauts)
 A = Elapsed time spent in this place.
 B = Non-inter-level travel time spent in this place.
 C = Inter-level travel time spent in this place.
 D = Time resting spent in this place.
 E = Time spent auto-exploring this place.
 F = Levels seen in this place.
 G = Mean time per level.
                   A        B        C        D        E       F      G
               +--------+--------+--------+--------+--------+-----+--------+
         Total |   7052 |   7052 |      0 |    168 |   3689 |   9 |  783.6 |
       Dungeon |   6866 |   6866 |      0 |    168 |   3674 |   8 |  858.2 |
        Temple |    185 |    185 |      0 |      0 |     15 |   1 |  185.0 |
               +--------+--------+--------+--------+--------+-----+--------+

Top non-repeatable levels by time:
     D:2: 1273 daAuts
     D:3: 1142 daAuts
     D:6: 1118 daAuts
     D:5: 947 daAuts
     D:7: 929 daAuts
     D:4: 754 daAuts
     D:1: 600 daAuts
  Temple: 185 daAuts
     D:8: 100 daAuts
